 Dungeon Sprint DCSS version 0.29.1-14-g9c671dbff4 (webtiles) character file.

Game seed: 9499816636607916303

1335 Groucho the Covert (level 8, -2/40 HPs)
             Began as a Felid Transmuter on Feb 12, 2023.
             Was a Believer of Uskayaw.
             Slain by a death yak (25 damage)
             ... in the Dungeon (Sprint IX: "|||||||||||||||||||||||||||||").
             The game lasted 00:04:35 (1311 turns).

Groucho the Covert (Felid Transmuter)               Turns: 1311, Time: 00:04:36

Health: -2/40      AC:  4    Str:  8    XL:     8   Next: 35%
Magic:  17/19      EV: 25    Int: 15    God:    Uskayaw [**....]
Gold:   33         SH:  0    Dex: 16    Spells: 10/20 levels left
                                        Lives:  0   Deaths: 2

rFire   . . .      SeeInvis +     - Unarmed
rCold   . . .      Faith    .   (shield unavailable)
rNeg    . . .      Spirit   .   (body armour unavailable)
rPois   .          Reflect  .   (helmet unavailable)
rElec   .          Harm     .   (cloak unavailable)
rCorr   .          Rampage  .   (gloves unavailable)
Will    +....      NoTele   +   (boots unavailable)
Stlth   ++++++....              (no amulet)
HPRegen 0.13/turn               i - +2 ring of evasion
MPRegen 0.16/turn               j - +2 ring of protection

@: appendages, wereblooded, slowed, slow
A: horns 2, very small, claws 1, fangs 3, see invisible, speed 1, shaggy fur 2,
stealthy paws, no weapons or thrown items, no armour, multi-lived
a: End Transformation, Renounce Religion, Stomp, Line Pass


You were in the Dungeon.
You worshipped Uskayaw.
Uskayaw was aware of your devotion.
You had temporarily grown beastly horns.
You visited 1 branch You collected 33 gold pieces.

Inventory:

Jewellery
 i - a +2 ring of evasion (left paw)
 j - a +2 ring of protection (right paw)
Wands
 h - a wand of iceblast (10)
Scrolls
 b - a scroll of acquirement
 f - 2 scrolls of amnesia
 g - 2 scrolls of blinking
Potions
 a - a potion of lignification
 d - 3 potions of curing
 e - 4 potions of magic


   Skills:
 + Level 7.1 Fighting
 + Level 9.7 Dodging
 * Level 14.0 Stealth
 * Level 10.5 Unarmed Combat
 + Level 6.8 Spellcasting
 + Level 8.1 Transmutations
 + Level 0.4 Ice Magic
 + Level 0.6 Poison Magic
 * Level 10.0 Invocations


You had 10 spell levels left.
You knew the following spells:

 Your Spells              Type           Power      Damage    Failure   Level
a - Beastly Appendage     Tmut           58%        N/A       1%          1
b - Wereblood             Tmut           29%        N/A       1%          2
c - Spider Form           Tmut/Pois      18%        N/A       7%          3
d - Ice Form              Ice/Tmut       17%        N/A       24%         4

Your spell library contained the following spells:

 Spells                   Type           Power      Damage    Failure   Level


Dungeon Overview and Level Annotations

Branches:
Dungeon (1/1)

Altars:
Cheibriados
Dithmenos
Elyvilon
Fedhas
Gozag
Hepliaklqana
Kikubaaqudgha
Makhleb
Nemelex Xobeh
Okawaru
Qazlal
Ru
Sif Muna
Trog
Uskayaw
Vehumet
Wu Jian
Xom
Yredelemnul
Zin
The Shining One
Jiyva
Lugonu


Innate Abilities, Weirdness & Mutations

You have temporarily grown beastly horns.
You have sharp claws.
You have razor-sharp teeth.
You have supernaturally acute eyesight. (SInv)
You cover ground quickly. (Speed+)
You are covered in thick fur. (AC +2)
Your paws help you pounce on unaware monsters.
You are incapable of wielding weapons or throwing items.
You cannot wear armour.
You gain extra lives every three experience levels.


Message History

Confirm with . or Enter, or press ? or * to list all spells.
You grow a pair of large bovine horns.
Casting: Beastly Appendage (safe; 1% risk of failure)
Confirm with . or Enter, or press ? or * to list all spells.
Your blood is infused with primal strength.
You open the door.
A cane toad comes into view.
The cane toad gives a loud, deep croak!
Being near the torpor snail leaves you feeling lethargic.
There is an open door to Lair:5 here.
The helpless blink frog fails to defend itself.
You eviscerate the blink frog!!!!
You kill the blink frog!
You howl as the wereblood boils in your veins!
The dream sheep bleats!
The dream sheep ruffles its wool and motes of dream dust sparkle, to no effect.
The death yak misses you.
You can now pass through a line of other dancers.
Your Stealth skill increases to level 14!
Your Invocations skill increases to level 10!
The komodo dragon hisses angrily.
You scratch the death yak but do no damage.
You headbutt the death yak, but do no damage.
The death yak gores you but does no damage.
Unknown command.
Unknown command.
Unknown command.
You barely miss the death yak.
You headbutt the death yak, but do no damage.
You bite the death yak.
The death yak is lightly wounded.
The death yak gores you!
Unknown command.
Unknown command.
You claw the death yak! Your bite misses the death yak.
The death yak is lightly wounded.
The dream sheep ruffles its wool and motes of dream dust sparkle, to no effect.
The death yak gores you!!
Ouch! That really hurt!
You die...

▓▓▓▓▓▓▓▓▓▓▓▓▓▓▓▓▓▓▓▓▓▓▓
.......................
▓▓▓▓▓▓▓▓▓▓▓▓▓▓▓▓▓▓▓▓▓▓▓▓
.FtlYwY@...†.†..†[.†'..[
▓▓▓▓▓▓▓▓▓▓▓▓▓▓▓▓▓▓▓▓▓▓▓▓
▓▓▓▓▓▓▓▓▓▓▓▓▓▓▓▓▓▓▓▓▓▓▓▓▓▓▓▓▓▓▓▓▓
________________'..).[[[..')...))
▓▓▓▓▓▓▓▓▓▓▓▓▓▓▓▓▓▓▓▓▓▓▓▓▓▓▓▓▓▓▓▓▓


You could see a death yak, a torpor snail, a fire crab, a komodo dragon, a cane
toad and a dream sheep.

Vanquished Creatures
  A two-headed ogre (D)
  A cyclops (D)
  5 polar bears (D)
  A blink frog (D)
  A vampire mosquito (D)
  An acid dragon (D)
  3 black bears (D)
  2 centaurs (D)
  A phantom (D)
  A killer bee (D)
  2 howler monkeys (D)
  A hound (D)
  A dart slug (D)
  An orc (D)
  2 goblins (D)
  A ball python (D)
  A bat (D)
26 creatures vanquished.

Notes
Turn   | Place    | Note
-------+----------+-------------------------------------------
     0 | D        | Groucho the Felid Transmuter began the quest for the Orb.
     0 | D        | Reached XP level 1. HP: 9/9 MP: 4/4
    10 | D        | Reached skill level 1 in Stealth
    12 | D        | Reached skill level 1 in Invocations
    15 | D        | Reached skill level 2 in Stealth
   577 | D        | Noticed a hound
   577 | D        | Noticed a howler monkey
   577 | D        | Noticed a howler monkey
   577 | D        | Noticed a phantom
   584 | D        | Killed a hound
   585 | D        | Reached skill level 3 in Stealth
   585 | D        | Reached XP level 2. HP: 7/13 MP: 3/6
   585 | D        | Reached XP level 3. HP: 9/16 MP: 4/8
   587 | D        | Reached skill level 4 in Stealth
   587 | D        | Reached XP level 4. HP: 12/20 MP: 4/9
   590 | D        | Reached skill level 5 in Stealth
   590 | D        | Reached skill level 5 in Unarmed Combat
   594 | D        | HP: 1/30 [phantom (4)]
   609 | D        | Killed a phantom
   610 | D        | Reached skill level 5 in Dodging
   610 | D        | Reached skill level 6 in Stealth
   610 | D        | Reached XP level 5. HP: 17/24 MP: 6/11
   905 | D        | Found a snail-covered altar of Cheibriados.
   905 | D        | Found a shadowy altar of Dithmenos.
   905 | D        | Found a white marble altar of Elyvilon.
   905 | D        | Found a blossoming altar of Fedhas.
   905 | D        | Found an opulent altar of Gozag.
   906 | D        | Found a hazy altar of Hepliaklqana.
   907 | D        | Found a viscous altar of Jiyva.
   908 | D        | Found an ancient bone altar of Kikubaaqudgha.
   909 | D        | Found a corrupted altar of Lugonu.
   910 | D        | Found a burning altar of Makhleb.
   911 | D        | Found a sparkling altar of Nemelex Xobeh.
   912 | D        | Found an iron altar of Okawaru.
   913 | D        | Found a stormy altar of Qazlal.
   914 | D        | Found a sacrificial altar of Ru.
   915 | D        | Found a shimmering blue altar of Sif Muna.
   916 | D        | Found a bloodstained altar of Trog.
   917 | D        | Found a hide-covered altar of Uskayaw.
   918 | D        | Found a radiant altar of Vehumet.
   919 | D        | Found an ornate altar of the Wu Jian Council.
   920 | D        | Found a shimmering altar of Xom.
   921 | D        | Found a basalt altar of Yredelemnul.
   922 | D        | Found a glowing silver altar of Zin.
   923 | D        | Found a glowing golden altar of the Shining One.
   925 | D        | Became a worshipper of Uskayaw the Reveller
   951 | D        | Noticed a centaur
   951 | D        | Noticed an acid dragon
   951 | D        | Noticed a vampire mosquito
   951 | D        | Noticed a two-headed ogre
   951 | D        | Noticed a centaur
   953 | D        | Killed a centaur
   953 | D        | Reached * piety under Uskayaw
   954 | D        | Reached skill level 7 in Stealth
   954 | D        | Reached skill level 5 in Invocations
   954 | D        | Gained mutation: You are covered in thick fur. (AC +2)
                  | [Felid growth]
   954 | D        | Reached XP level 6. HP: 28/28 MP: 11/13
   955 | D        | Killed an acid dragon
   955 | D        | Reached ** piety under Uskayaw
   956 | D        | Reached skill level 8 in Stealth
   956 | D        | Reached skill level 5 in Transmutations
   957 | D        | Reached *** piety under Uskayaw
   958 | D        | Reached skill level 9 in Stealth
   959 | D        | Killed a vampire mosquito
   959 | D        | Reached **** piety under Uskayaw
   960 | D        | Reached XP level 7. HP: 33/33 MP: 11/15
   962 | D        | Reached skill level 5 in Fighting
   964 | D        | Killed a two-headed ogre
   964 | D        | Reached ***** piety under Uskayaw
   965 | D        | Reached skill level 11 in Stealth
   965 | D        | Reached skill level 5 in Spellcasting
   965 | D        | Reached XP level 8. HP: 21/38 MP: 12/17
   967 | D        | Noticed a cyclops
   967 | D        | Noticed a two-headed ogre
   967 | D        | Noticed a seven-headed hydra
   967 | D        | Noticed a centaur warrior
   967 | D        | Noticed a five-headed hydra
   969 | D        | Killed a cyclops
   970 | D        | Reached skill level 12 in Stealth
   970 | D        | Slain by a two-headed ogre
   971 | D        | Reached XP level 7. HP: 0/34 MP: 13/16
   989 | D        | Noticed a polar bear
   989 | D        | Noticed a polar bear
   990 | D        | Noticed a polar bear
   991 | D        | Noticed a polar bear
   998 | D        | Noticed a polar bear
  1182 | D        | Learned a level 2 spell: Wereblood
  1186 | D        | Learned a level 3 spell: Spider Form
  1191 | D        | Learned a level 4 spell: Ice Form
  1206 | D        | Killed a polar bear
  1207 | D        | Reached XP level 8. HP: 30/39 MP: 15/18
  1214 | D        | Killed a polar bear
  1217 | D        | Killed a polar bear
  1218 | D        | Reached skill level 13 in Stealth
  1218 | D        | Reached skill level 10 in Unarmed Combat
  1231 | D        | Killed a polar bear
  1233 | D        | Mangled by a polar bear
  1234 | D        | Reached XP level 7. HP: -7/36 MP: 10/18
  1287 | D        | Killed a polar bear
  1288 | D        | Reached XP level 8. HP: 40/40 MP: 19/19
  1302 | D        | Noticed a fire crab
  1302 | D        | Noticed a komodo dragon
  1302 | D        | Noticed a dream sheep
  1302 | D        | Noticed a torpor snail
  1302 | D        | Noticed a death yak
  1302 | D        | Noticed a blink frog
  1307 | D        | Noticed a cane toad
  1308 | D        | Killed a blink frog
  1309 | D        | Reached skill level 14 in Stealth
  1309 | D        | Reached skill level 10 in Invocations
  1311 | D        | Slain by a death yak

Illustrated notes

Levels and vault maps discovered:
D:        linesprint [early_d, line_temple, items_1, d_10, items_2, lair_1,
          lair_end, items_3, orc_1, orc_end, items_4, d_15, swamp_1, shoals_1,
          snake_1, spider_1, d_20, vaults_1, items_5, swamp_end, shoals_end,
          snake_end, spider_end, vaults_end, d_27, items_6, zot_1, zot_end,
          crypt_end, forest_end, elf_end, slime_end, tomb_end, abyss_end,
          pan_hell_end]

Skill      XL: |  1  2  3  4  5  6  7  8 |
---------------+-------------------------+-----
Stealth        | 3 4 6 7 9 11 14 | 14.0
Invocations    | 2 3 4 5 6 8 10 | 10.0
Dodging        | 3 4 5 6 8 9 |  9.7
Fighting       | 2 3 4 5 7 |  7.1
Unarmed Combat | 4 5 6 7 8 10 | 10.5
Transmutations | 3 4 5 8 7 |  8.1
Spellcasting   | 3 4 6 |  6.8
Ice Magic      | |  0.4
Poison Magic   | |  0.6

Action                   |  1- 3 |  4- 6 |  7- 9 || total
-------------------------+-------+-------+-------++-------
Melee: Unarmed           |    21 |    18 |    46 ||    85
       Headbutt          |     2 |     3 |    11 ||    16
       Punch             |     1 |       |     5 ||     6
       Bite              |       |     1 |     6 ||     7
 Cast: Beastly Appendage |     3 |     1 |     3 ||     7
       Wereblood         |       |       |     2 ||     2
Invok: Line Pass         |       |       |     2 ||     2
  Use: Potion            |     1 |     4 |     3 ||     8
 Stab: Sleeping          |       |     4 |     3 ||     7
       Invisible         |       |       |     1 ||     1
       Paralysed         |       |       |     1 ||     1
       Confused          |       |       |     1 ||     1
Armor: Skin              |     1 |       |     5 ||     6
Dodge: Dodged            |    19 |     9 |    77 ||   105
